 Dungeon Crawl Stone Soup version 0.30-a0-989-g0d87f670db (webtiles) character file.

Game seed: 17752391021650056715

11 jasper the Caller (level 2, -2/22 HPs)
             Began as a Demigod Summoner on Apr 3, 2023.
             Succumbed to a kobold's poison
             ... on level 1 of the Dungeon.
             The game lasted 00:01:01 (390 turns).

jasper the Caller (Demigod Summoner)                 Turns: 390, Time: 00:01:01

Health: -2/22      AC:  2    Str:  7 (9)  XL:     2   Next: 3%
Magic:  5/7        EV: 12    Int: 15 (17) God:
Gold:   11         SH:  0    Dex: 12 (14) Spells: 1/4 levels left

rFire   . . .      SeeInvis .    (no weapon)
rCold   . . .      Faith    .    (no shield)
rNeg    . . .      Spirit   .    a - +0 robe
rPois   .          Reflect  .    (no helmet)
rElec   .          Rampage  .    (no cloak)
rCorr   .                        (no gloves)
Will    .....                    (no boots)
Stlth   ++                       (no amulet)
HPRegen 0.23/turn                (no ring)
MPRegen 0.10/turn                (no ring)

@: lethally poisoned (-2 -> -19)
A: high MP 1, forlorn, divine attributes
a: no special abilities


You were on level 1 of the Dungeon.
You visited 1 branch of the dungeon, and saw 1 of its levels.

You collected 11 gold pieces.

Inventory:

Armour
 a - a +0 robe (worn)
Scrolls
 e - a scroll of noise {unknown}
Potions
 b - 2 potions of magic


   Skills:
 + Level 0.7 Fighting
 + Level 0.7 Armour
 - Level 1.7 Dodging
 - Level 1.7 Stealth
 - Level 1.7 Spellcasting
 + Level 3.7 Summonings


You had one spell level left.
You knew the following spells:

 Your Spells              Type           Power      Damage    Failure   Level
a - Summon Small Mammal   Summ           48%        N/A       4%          1
b - Call Imp              Summ           12%        N/A       8%          2

Your spell library contained the following spells:

 Spells                   Type           Power      Damage    Failure   Level
 Call Canine Familiar     Summ           12%        N/A       14%         3
 Summon Guardian Golem    Hex/Summ       7%         N/A       30%         3
 Sublimation of Blood     Necr           1%         N/A       34%         2
 Wereblood                Tmut           1%         N/A       34%         2
 Summon Lightning Spire   Summ/Air       7%         N/A       71%         4
 Summon Hydra             Summ           6%         N/A       100%        7


Dungeon Overview and Level Annotations

Branches:
Dungeon (1/15)


Innate Abilities, Weirdness & Mutations

You have an increased reservoir of magic. (+10% MP)
You shall have no god before yourself.
Your divine heritage dramatically boosts your attributes as you level up.


Message History

Your rat's corpse disappears in a puff of smoke!
The kobold hits you with a +2 dagger of venom.
You are poisoned.
You take 3 damage, and have 19/22 hp.
You hit the kobold but do no damage.
You feel sick.
The kobold hits you with a +2 dagger of venom.
You are more poisoned.
You take 3 damage, and have 16/22 hp.
You closely miss the kobold.
You feel very sick. The kobold closely misses you.
You take 3 damage, and have 13/22 hp.
It was a potion of heal wounds.
You feel much better.
You feel sick.
The kobold hits you with a +2 dagger of venom.
You are more poisoned.
You regained 6 hp, and now have 19/22 hp.
MP restored: 7
Casting: Summon Small Mammal (safe; 4% risk of failure)
Confirm with . or Enter, or press ? or * to list all spells.
A metallic apparition takes form in the air.
You feel very sick.
The kobold hits you with a +2 dagger of venom.
You are lethally poisoned!
You take 7 damage, and have 12/22 hp.
MASSIVE DAMAGE!!
You now have 5/7 mp.
It was a potion of degeneration.
There was something very wrong with that liquid.
You feel weakened.
You feel dopey.
You feel clumsy.
* * * LOW HITPOINT WARNING * * *
You feel very sick. The kobold closely misses you.
You take 6 damage, and have 6/22 hp.
MASSIVE DAMAGE!!
You closely miss the kobold.
* * * LOW HITPOINT WARNING * * *
You feel very sick.
Your iron imp hits the kobold but does no damage.
The kobold barely misses you.
You take 5 damage, and have 1/22 hp.
MASSIVE DAMAGE!!
You hit the kobold.
The kobold is severely wounded.
You die...

#)## ...##.##. #.#
.... .. #.#
......#########.##
... ..............
#.#..#########..##
##.#....# #..#
#..5..#.# #..##
#.@K....# #....
#.#############.##.
#.# #.......##.
#.########.#.#####.
#..........#..# #.
########.####§####.
#.#§≈≈.§§§#.
#.+§§≈≈≈≈.'.
###≈.....≈#.


You could see a kobold (ally target) and a friendly iron imp (summoned).

Vanquished Creatures
  An endoplasm (D:1)
  A bat (D:1)
  A frilled lizard (D:1)
3 creatures vanquished.

Vanquished Creatures (collateral kills)
  A ball python (D:1)
  An endoplasm (D:1)
  A goblin (D:1)
  A hobgoblin (D:1)
  A quokka (D:1)
  A bat (D:1)
  A rat (D:1)
7 creatures vanquished.

Grand Total: 10 creatures vanquished

Notes
Turn   | Place    | Note
-------+----------+-------------------------------------------
     0 | D:1      | jasper the Demigod Summoner began the quest for the Orb.
     0 | D:1      | Reached XP level 1. HP: 14/14 MP: 5/5
   327 | D:1      | Reached XP level 2. HP: 22/22 MP: 5/7
   330 | D:1      | Learned a level 2 spell: Call Imp
   389 | D:1      | HP: 1/22 [poisoned by a kobold]
   390 | D:1      | Succumbed to a kobold's poison

Illustrated notes

Levels and vault maps discovered:
D:1:      ncdulo_lavacross, layout_basic

Action                     || total
---------------------------++-------
  Melee: Unarmed           ||    24
         Punch             ||     2
   Cast: Summon Small Mamm ||    10
         Call Imp          ||     1
    Use: Potion            ||     2
 Armour: Robe              ||     5
  Dodge: Dodged            ||    21

Table legend: (Time is in decaauts)
 A = Elapsed time spent in this place.
 B = Non-inter-level travel time spent in this place.
 C = Inter-level travel time spent in this place.
 D = Time resting spent in this place.
 E = Time spent auto-exploring this place.
 F = Levels seen in this place.
 G = Mean time per level.
                   A        B        C        D        E       F      G
               +--------+--------+--------+--------+--------+-----+--------+
         Total |    390 |    390 |      0 |      0 |    277 |   1 |  390.0 |
       Dungeon |    390 |    390 |      0 |      0 |    277 |   1 |  390.0 |
               +--------+--------+--------+--------+--------+-----+--------+

Top non-repeatable levels by time:
     D:1: 390 daAuts
